 Dungeon Crawl Stone Soup version 0.29-a0-350-g7790a0e70a (webtiles) character file.

Game seed: 6678142980850023657

43384 spiderkeys the Fighter (level 14, -1/127 HPs)
             Began as a Ghoul Abyssal Knight on Apr 23, 2022.
             Was the Champion of Lugonu.
             Slain by a torpor snail (17 damage)
             ... on level 3 of the Lair of Beasts.
             The game lasted 00:29:42 (18187 turns).

spiderkeys the Fighter (Ghoul Abyssal Knight)      Turns: 18187, Time: 00:29:43

Health: -1/127     AC: 17    Str: 22    XL:     14   Next: 24%
Magic:  16/19      EV:  8    Int:  5    God:    Lugonu [******]
Gold:   1294       SH:  5    Dex:  9    Spells: 13/13 levels left

rFire   . . .      SeeInvis +   I - +9 broad axe (flame)
rCold   + . .      Faith    .   D - +0 buckler
rNeg    + + +      Spirit   .   u - +3 chain mail
rPois   ∞          Reflect  .   j - +0 helmet
rElec   .          Harm     .   J - scarf {+Inv}
rCorr   +          Rampage  .   (no gloves)
Will    +....                   O - +0 pair of boots
Stlth   ..........              A - amulet of the acrobat
HPRegen 0.00/turn               v - ring of see invisible
MPRegen 0.16/turn               R - ring of resist corrosion

@: inhibited regen, slowed, very slow
A: claws 1, cold resistance 1, negative energy resistance 3, inhibited
regeneration, torment resistance 2, devour on kill
a: Renounce Religion, Evoke Invisibility, Depart the Abyss, Bend Space, Banish,
Corrupt, Enter the Abyss, Brand Weapon With Distortion


You were on level 3 of the Lair of Beasts.
You worshipped Lugonu.
Lugonu was exalted by your worship.
You visited 2 branches of the dungeon, and saw 13 of its levels.
You visited the Abyss 1 time.
You also visited: Bailey.

You collected 1294 gold pieces.


Innate Abilities, Weirdness & Mutations

You are immune to poison.
You have sharp fingernails.
Your flesh is cold resistant. (rC+)
You are immune to negative energy. (rN+++)
You do not regenerate when monsters are visible.
You are immune to unholy pain and torment.
You thrive by killing the living.


   Skills:
 + Level 12.8 Fighting
 + Level 10.5 Axes
 + Level 10.5 Armour
 - Level 1.0 Dodging
 + Level 7.7 Shields
 - Level 9.0 Invocations
 + Level 8.1 Evocations


You had 13 spell levels left.
You didn't know any spells.
Your spell library contained the following spells:

 Spells                   Type           Power      Damage    Failure   Level
 Animate Skeleton         Necr           0%         N/A       99%         1
 Apportation              Tloc           0%         N/A       99%         1
 Freeze                   Ice            0%         1d3       99%         1
 Summon Small Mammal      Summ           0%         N/A       99%         1
 Conjure Flame            Conj/Fire      0%         6-21      100%        3
 Dazzling Flash           Conj/Hex       0%         N/A       100%        3
 Frozen Ramparts          Ice            0%         1d2       100%        3
 Ignite Poison            Fire/Tmut/Pois 0%         N/A       100%        3
 Hailstorm                Conj/Ice       0%         3d3       100%        4
 Sticky Flame             Conj/Fire      0%         2d3       100%        4
 Summon Ice Beast         Ice/Summ       0%         N/A       100%        4
 Agony                    Necr           0%         N/A       100%        5
 Silence                  Hex/Air        0%         N/A       100%        5
 Summon Hydra             Summ           0%         N/A       100%        7
 Sublimation of Blood     Necr           Unusable   N/A       N/A         2
 Wereblood                Tmut           Unusable   N/A       N/A         2
 Ice Form                 Ice/Tmut       Unusable   N/A       N/A         4

Inventory:

Hand Weapons
 h - the +8 war axe of Equilibrium {flame, rElec Str+2}
   (You found it on level 9 of the Dungeon)

   It burns those it strikes, dealing additional fire damage.
   Big, fiery blades are also staple armaments of hydra-hunters.
   Str:       It affects your strength (+2).
   rElec:     It insulates you from electricity.
 I - a +9 broad axe of flaming (weapon)
   (You took it off an orc on level 3 of the Dungeon)
Missiles
 f - 484 stones
 t - 10 boomerangs
 B - 2 throwing nets {=f!f}
 C - 19 poisoned darts
 U - 3 silver boomerangs
Armour
 a - a +0 animal skin
   (You took it off Grum on level 9 of the Dungeon)
 j - a +0 helmet (worn)
   (You took it off Robin on level 2 of the Dungeon)
 r - a +2 troll leather armour {Snorg}
   (You found it on level 3 of the Lair of Beasts)
 u - a +3 chain mail (worn)
   (You took it off an orc priest on level 5 of the Dungeon)
 D - a +0 buckler (worn)
   (You found it on level 8 of the Dungeon)
 J - a scarf of invisibility (worn)
   (You found it on level 3 of the Dungeon)
 K - a +0 cloak
   (You found it on level 7 of the Dungeon)
 O - a +0 pair of boots (worn)
   (You found it on level 7 of the Dungeon)
Jewellery
 v - a ring of see invisible (left claw)
   (You found it on level 1 of the Dungeon)
 A - an amulet of the acrobat (around neck)
   (You found it on level 2 of the Dungeon)
 N - a ring of positive energy
   (You found it on level 9 of the Dungeon)
 R - a ring of resist corrosion (right claw)
   (You found it on level 4 of the Dungeon)
Wands
 o - a wand of polymorph (8)
   (You found it on level 2 of the Dungeon)
 E - a wand of iceblast (6)
   (You found it on level 9 of the Dungeon)
 F - a wand of paralysis (8)
   (You found it on level 6 of the Dungeon)
 L - a wand of charming (6)
   (You found it on level 7 of the Dungeon)
 Q - a wand of flame (8)
   (You found it on level 8 of the Dungeon)
 T - a wand of digging (6)
   (You found it on level 1 of the Lair of Beasts)
Scrolls
 d - 6 scrolls of vulnerability {!r!r}
 e - a scroll of identify {@r1}
 i - 2 scrolls of fog
 m - 4 scrolls of teleportation {@r4}
 p - 3 scrolls of immolation {!r!r}
 q - a scroll of blinking {!r}
 H - a scroll of brand weapon
 S - a scroll of silence {!r}
 V - a scroll of fear
 Y - 2 scrolls of amnesia
Potions
 b - 2 potions of invisibility {unknown}
 c - 3 potions of brilliance
 g - a potion of haste {unknown}
 k - 5 potions of curing {@q1}
 l - 3 potions of might
 n - 2 potions of magic {unknown}
 s - 7 potions of attraction {!q}
 w - a potion of lignification {unknown}
 z - 4 potions of resistance
 G - a potion of cancellation {unknown}
 P - 2 potions of heal wounds {unknown}

Dungeon Overview and Level Annotations

Branches:
Dungeon (10/15)            Temple (0/1) D:5            Lair (3/6) D:10
  Snake (0/4) Lair:3       Bailey (visited)
  Swamp: Lair:2-4    Shoals: Lair:2-4       Orc: D:9-12

Altars:
Ashenzari
Dithmenos
Hepliaklqana
Makhleb
Okawaru
Qazlal
Trog
Uskayaw
Vehumet
Wu Jian
Beogh

Shops:
D:6 *

Annotations:
D:8 3 runed translucent doors, turdburglar's ghost, novice HOFi
D:9 1 runed translucent door
D:10 exclusion: statue
Lair:1 2 transporters
Lair:3 1 runed translucent door
Abyss:1 Erolcha

...#≈#..#PP#...P.............
.......#########...#....P.≈≈≈
....... #...P......≈≈≈
............# ##..........≈≈#
............## #...........≈≈#
.............# ##.#.#......≈##
.............# ### ##.........≈≈≈
............####.###.............
......#.........@F...#.#.........
.......#........#w§+#.##P...P....
...............##.....##.........
...........P...#.......#.........
.#.........#....÷...#...#....w...
..#..........##.÷#...##.#...#....
.............#.÷÷................
....÷.#####.##.....).....#...#...
.......#.⌠†#...#..⌠.⌠.##....P##..


You could see a torpor snail and a cane toad.


Message History

The yak gores you. 😮 HP[-4]
You take 4 damage, and now have 75/127 hp.
You slash the polar bear! You burn the polar bear.
You kill the polar bear!
Lugonu accepts your kill.
You hit the yak. You burn the yak. The yak gores you!
* * * LOW HITPOINT WARNING * * *
😨 HP[-12]
You take 12 damage, and now have 63/127 hp.
You slash the yak! You burn the yak! The yak gores you!
* * * LOW HITPOINT WARNING * * *
😨 HP[-9]
You take 9 damage, and now have 54/127 hp.
You barely miss the yak. The yak gores you!
* * * LOW HITPOINT WARNING * * *
😨 HP[-8]
You take 8 damage, and now have 46/127 hp.
You slash the yak! You burn the yak.
You kill the yak!
Lugonu accepts your kill.
You feel better. 😨 HP[+10]
You regained 10 hp, and now have 56/127 hp.
You start resting.
A torpor snail comes into view.
Being near the torpor snail leaves you feeling lethargic. 😮 HP[+33]
You regained 33 hp, and now have 89/127 hp.
You feel yourself speed up.
Being near the torpor snail leaves you feeling lethargic.
You feel yourself speed up.
A cane toad comes into view.
A tyrant leech comes into view. 😮 HP[+1]
The cane toad croaks.
Being near the torpor snail leaves you feeling lethargic.
The cane toad closely misses you. The cane toad barely misses you.
The cane toad attacks as you move away! You block the cane toad's attack.
You feel yourself speed up.
The cane toad stings you but does no damage.
Being near the torpor snail leaves you feeling lethargic.
The cane toad stings you! 😮 HP[-16]
You take 16 damage, and now have 74/127 hp.
The cane toad barely misses you. The cane toad attacks as you move away!
You block the cane toad's attack.
You feel yourself speed up. The cane toad stings you!!
* * * LOW HITPOINT WARNING * * *
Being near the torpor snail leaves you feeling lethargic. 😨 HP[-18]
You take 18 damage, and now have 56/127 hp.
You barely miss the cane toad.
The cane toad stings you but does no damage. x2
You completely miss the cane toad.
The cane toad stings you but does no damage.
The cane toad barely misses you.
Press: ? - help, Shift-Dir - straight line, f - tyrant leech
Aim: a tyrant leech (chance to affect: 72%)
The tyrant leech is devoured by a tear in reality.
Lugonu claims a new guest.
The cane toad barely misses you.
The cane toad stings you but does no damage. 😨 MP[-4]
You lost 4 mp, and now have 15/19 mp.
You barely miss the cane toad. The cane toad barely misses you.
You block the cane toad's attack.
You slash the cane toad! You burn the cane toad.
You block the cane toad's attack.
The cane toad stings you but does no damage.
You barely miss the cane toad. You slash the torpor snail!
You burn the torpor snail.
The cane toad stings you but does no damage. x2
The torpor snail bites you but does no damage. 😨 MP[+1]
You hit the cane toad but do no damage.
You hit the torpor snail but do no damage.
The cane toad stings you.
* * * LOW HITPOINT WARNING * * *
The cane toad stings you!
* * * LOW HITPOINT WARNING * * *
The torpor snail bites you!
* * * LOW HITPOINT WARNING * * *
😱 HP[-26]
You take 26 damage, and now have 30/127 hp.
MASSIVE DAMAGE!! (PAUSE)
You hit the cane toad. You burn the cane toad.
You hit the torpor snail but do no damage.
The cane toad stings you but does no damage.
The torpor snail bites you!
* * * LOW HITPOINT WARNING * * *
You block the cane toad's attack. 😱 HP[-7]
You take 7 damage, and now have 23/127 hp.
You hit the cane toad. You burn the cane toad. You hit the torpor snail.
You burn the torpor snail. The cane toad stings you!
* * * LOW HITPOINT WARNING * * *
The torpor snail bites you!
You die...

Skill      XL: |  1  2  3  4  5  6  7  8  9 10 11 12 13 14 |
---------------+-------------------------------------------+-----
Dodging        | 1 |  1.0
Armour         | 2 3 4 5 6 7 8 10 | 10.5
Axes           | 2 3 4 5 6 7 8 10 | 10.5
Fighting       | 4 5 6 8 9 10 12 | 12.8
Invocations    | 3 4 5 6 7 9 |  9.0
Shields        | 2 4 5 7 |  7.7
Evocations     | 7 8 |  8.1

Action                   |  1- 3 |  4- 6 |  7- 9 | 10-12 | 13-15 || total
-------------------------+-------+-------+-------+-------+-------++-------
Melee: Hand axe          |   103 |    90 |       |       |       ||   193
       Punch             |     1 |     1 |     3 |     1 |       ||     6
       Broad axe         |       |     9 |   213 |   340 |   287 ||   849
Throw: Dart              |       |       |     9 |       |     5 ||    14
Invok: Bend Space        |       |       |     2 |     4 |     4 ||    10
       Banish            |       |       |       |     6 |     2 ||     8
Evoke: Wand              |       |     7 |     6 |    11 |     6 ||    30
  Use: Scroll            |       |     8 |     4 |     6 |     6 ||    24
       Potion            |       |       |       |     1 |       ||     1
 Stab: Sleeping          |       |     1 |       |       |       ||     1
       Paralysed         |       |       |     4 |       |       ||     4
       Distracted        |       |       |       |     1 |       ||     1
Armor: Leather armour    |    47 |    10 |       |       |       ||    57
       Scale mail        |       |    29 |    53 |       |       ||    82
       Chain mail        |       |       |    70 |   228 |   159 ||   457
Dodge: Dodged            |    84 |    61 |   115 |   195 |   129 ||   584
Block: Buckler           |       |       |       |    83 |    72 ||   155

Levels and vault maps discovered:
D:1:      grunt_arrival_lava_bath, layout_basic
D:2:      layout_loops_ring, hellmonk_ecumenical_altar_blasted, basic_altar,
          chequers_serial_rivers_micro_d, due_unseen_surprise, uniq_robin
D:3:      layout_basic, grunt_ashenzari_visionary
          [grunt_ashenzari_visionary_swamp, grunt_ashenzari_visionary_snake],
          trog_butcher_becter, biasface_ghost_orc_armoury, uniq_terence
D:4:      layout_rooms, nicolae_qazlal_eye_of_the_storm,
          kennysheep_generic_room_4, uniq_grinder
D:5:      layout_layer_cave, nicolae_wu_jian_immortal_techniques,
          minmay_temple_entry_junction
D:6:      layout_cave_pools, okawaru_ov_weapons_minmay, minmay_shop_mayhem,
          roderic_lattice_a, kennysheep_generic_room_7, uniq_maggie
D:7:      layout_gridville, uniq_menkaure, uniq_pikel, uniq_prince_ribbit1,
          uniq_duvessa
D:8:      layout_gridville, gammafunk_ghost_spectres, minmay_shattered_shrine
D:9:      cheibrodos_histonic, layout_loops_ring, nicolae_uskayaw_en_pointe,
          makhleb_altar_promises_db, enter_bailey_6, serial_rivers,
          chequers_serial_rivers_small_b, chequers_serial_rivers_micro_c,
          chequers_serial_rivers_micro_b, chequers_serial_rivers_micro_c,
          chequers_serial_rivers_room_b, chequers_serial_rivers_marsh,
          grunt_tough_drop, uniq_psyche, uniq_grum, uniq_erolcha
D:10:     layout_loops_corners, nicolae_hepliaklqana_hazy_memory,
          vehumet_statue, minmay_lair_entry_grove, kennysheep_small_circle,
          uniq_lodul
Lair:1:   gammafunk_cloud_chamber, layout_concentric_octagons,
          hangedman_lair_unloving_vines, uniq_nergalle
Lair:2:   layout_misc_corridors
Lair:3:   dpeg_oklob_shooting_range, layout_gridlike, palyth_hydra_swamp_entry,
          dummy_snake_entry, gammafunk_ghost_ooze, st_stairs_10,
          grunt_megastairs_2, uniq_amaemon, uniq_snorg

Notes
Turn   | Place    | Note
-------+----------+-------------------------------------------
     0 | Abyss:1  | spiderkeys the Ghoul Abyssal Knight began the quest for the
                  | Orb.
     0 | Abyss:1  | Reached XP level 1. HP: 19/19 MP: 1/1
     0 | Abyss:1  | magus.rc [v1.11.3]
    18 | Abyss:1  | Found a corrupted altar of Lugonu.
    32 | D:1      | You pass through the gate.
    32 | D:1      | Escaped the Abyss
    71 | D:1      | You add the spells Conjure Flame, Ignite Poison and Sticky
                  | Flame to your library.
   123 | D:1      | Reached skill level 1 in Dodging
   261 | D:1      | Reached XP level 2. HP: 25/26 MP: 2/2
   302 | D:1      | Reached skill level 2 in Armour
   380 | D:1      | Reached skill level 2 in Axes
   785 | D:1      | Reached XP level 3. HP: 28/31 MP: 3/3
  1037 | D:2      | Reached *** piety under Lugonu
  1174 | D:2      | Found a shadowy altar of Dithmenos.
  1326 | D:2      | Noticed Robin
  1344 | D:2      | HP: 7/33 [hobgoblin[Robin] (4)]
  1345 | D:2      | Killed Robin
  1346 | D:2      | Reached XP level 4. HP: 11/40 MP: 5/5
  1592 | D:2      | Reached skill level 4 in Fighting
  1625 | D:2      | Found a faded altar of an unknown god.
  1719 | D:2      | Reached skill level 3 in Invocations
  2013 | D:3      | Noticed Terence
  2019 | D:3      | Noticed Terence
  2019 | D:3      | Terence changed into Terence the orc
  2020 | D:3      | Killed Terence the orc
  2216 | D:3      | Found a broken altar of Ashenzari.
  2220 | D:3      | Saw a vision of the Swamp and the Snake Pit.
  2220 | D:3      | Noticed a naga sharpshooter
  2220 | D:3      | Noticed a shock serpent
  2220 | D:3      | Noticed a black mamba
  2220 | D:3      | Noticed a naga warrior
  2220 | D:3      | Noticed a naga mage
  2220 | D:3      | Noticed a naga
  2220 | D:3      | Noticed a mana viper
  2220 | D:3      | Noticed a naga warrior
  2220 | D:3      | Noticed a naga
  2221 | D:3      | Noticed a goliath frog
  2221 | D:3      | Noticed a will-o-the-wisp
  2240 | D:3      | Reached XP level 5. HP: 44/46 MP: 6/6
  2492 | D:3      | Found a bloodstained altar of Trog.
  2497 | D:3      | Reached **** piety under Lugonu
  2760 | D:3      | You pick up a book of Cantrips and begin reading...
  2760 | D:3      | You add the spells Animate Skeleton, Summon Small Mammal
                  | and Apportation to your library.
  3028 | D:3      | Found a runed translucent gate.
  3028 | D:3      | Found a runed translucent gate.
  3029 | D:3      | Found a runed translucent gate.
  3031 | D:3      | Noticed avis's ghost (amateur DgTm)
  3228 | D:3      | Killed avis's ghost
  3229 | D:3      | Reached skill level 3 in Axes
  3229 | D:3      | Reached skill level 3 in Armour
  3229 | D:3      | Reached skill level 4 in Invocations
  3229 | D:3      | Reached XP level 6. HP: 51/55 MP: 6/8
  3655 | D:4      | Reached skill level 5 in Fighting
  3655 | D:4      | Reached XP level 7. HP: 61/61 MP: 9/9
  3777 | D:4      | HP: 13/61 [gnoll/+0 halberd (7)]
  4149 | D:4      | Noticed Grinder
  4158 | D:4      | Killed Grinder
  4159 | D:4      | Reached skill level 4 in Axes
  4159 | D:4      | Reached skill level 4 in Armour
  4159 | D:4      | Reached skill level 5 in Invocations
  4542 | D:4      | Reached ***** piety under Lugonu
  4653 | D:4      | Found a stormy altar of Qazlal.
  4694 | D:5      | Entered Level 5 of the Dungeon
  4725 | D:5      | Reached XP level 8. HP: 69/70 MP: 10/10
  4818 | D:5      | Reached skill level 6 in Fighting
  4907 | D:5      | Found a staircase to the Ecumenical Temple.
  4998 | D:5      | HP: 14/70 [orc warrior/+0 short sword (6)]
  4999 | D:5      | HP: 1/70 [orc warrior/+0 short sword (12)]
  5693 | D:5      | Reached skill level 5 in Axes
  5693 | D:5      | Reached skill level 5 in Armour
  6114 | D:5      | Found an ornate altar of the Wu Jian Council.
  6206 | D:6      | Reached skill level 6 in Invocations
  6273 | D:6      | HP: 11/71 [ogre/+0 giant spiked club (23)]
  6719 | D:6      | Found Powaps's Mayhem Merchandise.
  6855 | D:6      | Reached XP level 9. HP: 78/78 MP: 12/12
  6870 | D:6      | Reached skill level 7 in Fighting
  7196 | D:6      | Noticed Maggie
  7207 | D:6      | Killed Maggie
  7344 | D:6      | Found an iron altar of Okawaru.
  7646 | D:6      | Reached skill level 7 in Invocations
  7739 | D:7      | Reached skill level 6 in Axes
  7770 | D:7      | Reached skill level 6 in Armour
  8050 | D:7      | Noticed Prince Ribbit
  8055 | D:7      | Killed Prince Ribbit
  8056 | D:7      | Reached skill level 8 in Fighting
  8100 | D:7      | Noticed Pikel
  8108 | D:7      | Killed Pikel
  8109 | D:7      | Reached XP level 10. HP: 77/90 MP: 14/14
  8113 | D:7      | Reached skill level 8 in Invocations
  8283 | D:7      | Noticed Duvessa
  8283 | D:7      | Noticed Dowan
  8285 | D:7      | Killed Dowan
  8290 | D:7      | Killed Duvessa
  8451 | D:7      | Noticed Menkaure
  8460 | D:7      | Killed Menkaure
  8772 | D:8      | Found a runed translucent gate.
  8772 | D:8      | Found a runed translucent gate.
  8772 | D:8      | Found a runed translucent gate.
  8817 | D:8      | Noticed turdburglar's ghost (novice HOFi)
  8912 | D:8      | Reached skill level 7 in Axes
  8912 | D:8      | Reached skill level 7 in Armour
  9302 | D:8      | Reached skill level 9 in Fighting
  9302 | D:8      | Reached skill level 1 in Shields
  9488 | D:8      | Noticed a centaur warrior
  9498 | D:8      | Killed a centaur warrior
  9509 | D:8      | Noticed a gargoyle
  9514 | D:8      | Banished a gargoyle
  9515 | D:8      | Reached skill level 2 in Shields
  9808 | D:8      | You pick up a book of the Senses and begin reading...
  9808 | D:8      | You add the spells Dazzling Flash, Agony and Silence to
                  | your library.
  9939 | D:8      | Noticed a deep elf pyromancer
  9955 | D:8      | Killed a deep elf pyromancer
  9956 | D:8      | Reached skill level 9 in Invocations
  9956 | D:8      | Reached XP level 11. HP: 56/97 MP: 16/16
 10306 | D:9      | Reached skill level 3 in Shields
 10329 | D:9      | Found a runed translucent door.
 10393 | D:9      | Noticed a +0 short sword
 10394 | D:9      | Noticed a +0 spear
 10506 | D:9      | You pick up a book of Blood and begin reading...
 10520 | D:9      | Noticed Erolcha
 10527 | D:9      | Banished Erolcha
 10528 | D:9      | Reached skill level 10 in Fighting
 10528 | D:9      | Reached skill level 8 in Axes
 10528 | D:9      | Reached skill level 8 in Armour
 10529 | D:9      | HP: 18/99 [troll (11)]
 10558 | D:9      | Found a burning altar of Makhleb.
 10558 | D:9      | Noticed a balrug
 10562 | D:9      | HP: 19/99 [wolf[Grum] (5)]
 10568 | D:9      | Noticed Grum
 10576 | D:9      | HP: 11/99 [bullfrog (4)]
 10581 | D:8      | HP: 8/99 [bullfrog (3)]
 10960 | D:9      | Killed Grum
 10988 | D:9      | Found a flagged portal.
 10997 | Bailey   | Entered a bailey
 11301 | Bailey   | Noticed an orc knight
 11308 | Bailey   | Reached skill level 4 in Shields
 11318 | Bailey   | Killed an orc knight
 11405 | Bailey   | Noticed an orc warlord
 11428 | Bailey   | Killed an orc warlord
 11649 | Bailey   | Reached skill level 7 in Evocations
 11649 | Bailey   | Reached XP level 12. HP: 108/108 MP: 17/17
 11960 | D:9      | Noticed a +0 spear
 11960 | D:9      | Noticed a +0 short sword
 11960 | D:9      | Noticed a +0 dagger
 11969 | D:9      | Found a hide-covered altar of Uskayaw.
 11969 | D:9      | Noticed a +0 dagger
 11979 | D:9      | Identified the +8 war axe of Equilibrium {flame, rElec
                  | Str+2}
 12270 | D:9      | Found a runed translucent door.
 12346 | D:9      | Noticed a catoblepas
 12379 | D:9      | Noticed a two-headed ogre
 12514 | D:9      | Noticed Psyche
 12514 | D:9      | Noticed a two-headed ogre
 12530 | D:9      | Killed a two-headed ogre
 12531 | D:9      | Reached skill level 5 in Shields
 12531 | D:9      | Killed Psyche
 12686 | D:9      | Reached XP level 13. HP: 112/115 MP: 18/18
 12707 | D:9      | Reached skill level 11 in Fighting
 12720 | D:9      | Reached skill level 9 in Axes
 12720 | D:9      | Reached skill level 9 in Armour
 13131 | D:10     | Entered Level 10 of the Dungeon
 13131 | D:10     | Found a hazy altar of Hepliaklqana.
 13328 | D:10     | Reached ****** piety under Lugonu
 13367 | D:10     | Found a radiant altar of Vehumet.
 13401 | D:10     | Reached skill level 6 in Shields
 13904 | D:10     | Noticed Lodul
 13919 | D:10     | Killed Lodul
 13922 | D:10     | HP: 16/117 [two-headed ogre/+0 giant club (33)]
 13928 | D:10     | Reached skill level 12 in Fighting
 14384 | D:10     | Found a staircase to the Lair.
 14969 | Lair:1   | Entered Level 1 of the Lair of Beasts
 15186 | Lair:1   | Reached skill level 10 in Axes
 15255 | Lair:1   | Found a transporter.
 15295 | Lair:1   | Reached skill level 10 in Armour
 15295 | Lair:1   | Reached skill level 7 in Shields
 15606 | Lair:1   | Identified a +1 robe of the Archmagi
 15606 | Lair:1   | Noticed Nergalle
 15620 | Lair:1   | Killed Nergalle
 16142 | Lair:1   | Found a transporter.
 16444 | Lair:2   | Identified the +5 flail of Glamorous Fortitude {pain, Drain
                  | Fragile Will+++ Str+4}
 16630 | Lair:2   | Reached XP level 14. HP: 95/127 MP: 19/19
 16784 | Lair:2   | You pick up a book of Frost and begin reading...
 16784 | Lair:2   | You add the spells Freeze, Frozen Ramparts and Hailstorm to
                  | your library.
 17172 | Lair:3   | You pick up a book of Rime and begin reading...
 17193 | Lair:3   | Found a runed translucent gate.
 17772 | Lair:3   | Noticed Snorg
 17782 | Lair:3   | Killed Snorg
 17783 | Lair:3   | Reached skill level 8 in Evocations
 18011 | Lair:3   | Found a staircase to the Snake Pit.
 18185 | Lair:3   | HP: 30/127 [torpor snail (11)]
 18187 | Lair:3   | Slain by a torpor snail

Vanquished Creatures
  Snorg (Lair:3)
  A hydra (D:10)
  A boulder beetle (Lair:2)
  9 two-headed ogres
  A centaur warrior (D:8)
  Nergalle (Lair:1)
  Lodul (D:10)
  Pikel (D:7)
  A deep elf pyromancer (D:8)
  An orc knight (Bailey)
  An ugly thing (D:9)
  3 oklob plants (Lair:3)
  A black mamba (Lair:1)
  Psyche (D:9)
  Maggie (D:6)
  An unseen horror (D:9)
  6 cane toads
  2 kobold demonologists
  5 komodo dragons
  A rime drake (Lair:3)
  A polar bear (Lair:3)
  The ghost of avis the Insei, an amateur DgTm (D:3)
  Grinder (D:4)
  Prince Ribbit (D:7)
  A slime creature (D:8)
  9 wyverns
  A vampire (D:10)
  A basilisk (Lair:3)
  2 shadows (D:10)
  23 yaks
  Grum (D:9)
  A vampire mosquito (D:9)
  Menkaure (D:7)
  2 steam dragons
  2 acid dragons
  11 water moccasins
  Duvessa (D:7)
  2 ice beasts
  16 orc warriors
  A sky beast (D:6)
  5 ogres
  8 wolves
  5 centaurs
  2 phantoms
  2 lemures (D:7)
  2 kobold brigands (D:9)
  A necrophage (D:6)
  7 bullfrogs
  2 gnoll sergeants
  A scorpion (shapeshifter) (D:9)
  5 scorpions
  Dowan (D:7)
  5 wights (D:9)
  6 killer bees (D:9)
  9 howler monkeys
  2 jellies (D:7)
  6 hounds
  5 gnoll shamans
  7 orc priests
  3 iguanas
  10 orc wizards
  Robin (D:2)
  19 gnolls
  8 adders
  2 worms
  2 dart slugs
  58 orcs
  8 ball pythons
  8 endoplasms
  5 giant cockroaches
  29 goblins
  21 hobgoblins
  9 jackals
  6 quokkas
  9 bats
  5 frilled lizards
  11 kobolds
  7 rats
421 creatures vanquished.

Vanquished Creatures (collateral kills)
  An orc warlord (Bailey)
  A gnoll (Bailey)
  An orc (Bailey)
  A hobgoblin (Bailey)
4 creatures vanquished.

Vanquished Creatures (others)
  An orc warrior (Bailey)
  7 fungi
  27 plants
35 creatures vanquished.

Grand Total: 460 creatures vanquished

Table legend:
 A = Non-vault XP
 B = Vault XP
 C = Vault XP percentage of total XP
 D = Non-vault monster count
 E = Vault monster count
 F = Vault count percentage of total count
                 A         B        C        D         E       F
            +---------+---------+-------+---------+---------+-------
      Total |   19704 |   29696 |  60.1 |     265 |     166 |  38.5
            +---------+---------+-------+---------+---------+-------
        D:1 |      43 |       0 |   0.0 |      26 |       0 |   0.0
        D:2 |      53 |      38 |  41.8 |      19 |      12 |  38.7
        D:3 |      81 |     324 |  80.0 |      16 |      12 |  42.9
        D:4 |     384 |     272 |  41.5 |      35 |       1 |   2.8
        D:5 |     802 |       0 |   0.0 |      24 |       0 |   0.0
        D:6 |     857 |     598 |  41.1 |      16 |       5 |  23.8
        D:7 |     993 |    1313 |  56.9 |      17 |       5 |  22.7
        D:8 |    1123 |    3058 |  73.1 |      23 |      10 |  30.3
        D:9 |    1733 |    7912 |  82.0 |      37 |      33 |  47.1
       D:10 |    2874 |    8346 |  74.4 |      12 |      24 |  66.7
     Lair:1 |    4537 |     769 |  14.5 |      15 |       1 |   6.2
     Lair:2 |    3079 |       0 |   0.0 |      10 |       0 |   0.0
     Lair:3 |    3145 |    3709 |  54.1 |      15 |       8 |  34.8
     Bailey |       0 |    3357 | 100.0 |       0 |      55 | 100.0
            +---------+---------+-------+---------+---------+-------

Illustrated notes

Table legend:
 A = Kills in this place as a percentage of kills in entire the game.
 B = Kills by you in this place as a percentage of kills by you in the entire game.
 C = Kills by friends in this place as a percentage of kills by friends in the entire game.
 D = Other kills in this place as a percentage of other kills in the entire game.
 E = Experience gained in this place as a percentage of experience gained in the entire game.
 F = Experience gained in this place divided by the number of levels of this place that you have seen.
                   A       B       C       D       E      F
               +-------+-------+-------+-------+-------+----------------------
         Total | 100.0 | 100.0 | 100.0 | 100.0 | 100.0 | 3293.3
       Dungeon |  75.9 |  76.8 |   0.0 |  62.5 |  62.4 | 3080.4
          Lair |  11.4 |  11.2 |   0.0 |  25.0 |  30.8 | 5079.7
        Bailey |  12.8 |  11.9 | 100.0 |  12.5 |   6.8 | 3357.0
               +-------+-------+-------+-------+-------+----------------------

Table legend: (Time is in decaauts)
 A = Elapsed time spent in this place.
 B = Non-inter-level travel time spent in this place.
 C = Inter-level travel time spent in this place.
 D = Time resting spent in this place.
 E = Time spent auto-exploring this place.
 F = Levels seen in this place.
 G = Mean time per level.
                   A        B        C        D        E       F      G
               +--------+--------+--------+--------+--------+-----+--------+
         Total |  18448 |  17999 |    449 |   4382 |  10521 |  15 | 1229.9 |
       Dungeon |  14268 |  13864 |    404 |   3311 |   8177 |  10 | 1426.8 |
          Lair |   3251 |   3206 |     45 |    809 |   1992 |   3 | 1083.7 |
         Abyss |     32 |     32 |      0 |      0 |     27 |   1 |   32.0 |
        Bailey |    897 |    897 |      0 |    262 |    324 |   1 |  897.0 |
               +--------+--------+--------+--------+--------+-----+--------+

Top non-repeatable levels by time:
     D:3: 2063 daAuts
     D:9: 1938 daAuts
     D:8: 1772 daAuts
    D:10: 1575 daAuts
     D:5: 1433 daAuts
  Lair:1: 1375 daAuts
     D:4: 1189 daAuts
     D:7: 1174 daAuts
  Lair:3: 1140 daAuts
     D:6: 1125 daAuts
     D:1: 1012 daAuts
     D:2: 982 daAuts
  Bailey: 897 daAuts
  Lair:2: 735 daAuts
 Abyss:1: 32 daAuts
